 Dungeon Crawl Stone Soup version 0.30.1-11-g7821555f0a (webtiles) character file.

Game seed: 3779687272751680971

10 comborobin the Sneak (level 2, -1/26 HPs)
             Began as a Hill Orc Delver on Dec 23, 2023.
             Slain by an adder (3 damage)
             ... on level 3 of the Dungeon.
             The game lasted 00:00:47 (199 turns).

comborobin the Sneak (Hill Orc Delver)               Turns: 199, Time: 00:00:48

Health: -1/26      AC:  3    Str: 13 (14) XL:     2   Next: 20%
Magic:  2/2        EV: 11    Int:  7 (10) God:
Gold:   0          SH:  0    Dex: 11 (12) Spells: 1/1 levels left

rFire   . . .        a - +0 hand axe
rCold   . . .        (no shield)
rNeg    . . .        b - +0 leather armour
rPois   .            (no helmet)
rElec   .            (no cloak)
rCorr   .            (no gloves)
SInv    .            (no boots)
Will    .....        (no amulet)
Stlth   ++           (no ring)
HPRegen 0.24/turn    (no ring)
MPRegen 0.08/turn

%: no passive effects
@: brilliant, lethally poisoned (-1 -> -3), flying
A: no striking features
a: no special abilities


You were on level 3 of the Dungeon.
You visited 1 branch of the dungeon, and saw 3 of its levels.

Inventory:

Hand Weapons
 a - a +0 hand axe (weapon)
Armour
 b - a +0 leather armour (worn)
Wands
 g - a wand of digging (1)
Scrolls
 c - a scroll of fog
 e - a scroll of fear
 h - a scroll of identify {unknown}
 j - a scroll of blinking {unknown}


   Skills:
 - Level 3.6 Fighting
 + Level 3.8 Axes
 - Level 1.5 Dodging
 - Level 4.1 Stealth


You had one spell level left.
You didn't know any spells.
Your spell library was empty.

Dungeon Overview and Level Annotations

Branches:
Dungeon (5/15)
 Temple: D:4-7

Altars:

Annotations:
D:5 Menkaure


Message History

You are too injured to fight recklessly!
You closely miss the adder.
The adder is heavily wounded.
The adder bites you but does no damage.
You are too injured to fight recklessly!
You barely miss the adder.
The adder is heavily wounded.
The adder completely misses you.
You are too injured to fight recklessly!
You hit the adder.
You kill the adder!
The adder bites you but does no damage.
Your Axes skill increases to level 3!
You have reached level 2!
You are too injured to fight recklessly!
You are too injured to fight recklessly!
You closely miss the adder. The adder bites you.
You are too injured to fight recklessly!
You miss the adder. The adder closely misses you. The adder misses you.
You are too injured to fight recklessly!
You closely miss the adder. The adder bites you.
You are poisoned.
The adder poisons you!
You are too injured to fight recklessly!
You closely miss the adder.
You feel sick. The adder bites you.
* * * LOW HITPOINT WARNING * * *
You are too injured to fight recklessly!
You barely miss the adder.
You feel sick. The adder bites you.
* * * LOW HITPOINT WARNING * * *
The adder closely misses you.
You are too injured to fight recklessly!
You barely miss the adder.
* * * LOW HITPOINT WARNING * * *
You feel sick. The adder closely misses you.
You are too injured to fight recklessly!
You hit the adder.
The adder is lightly wounded.
* * * LOW HITPOINT WARNING * * *
You feel sick. The adder bites you.
You die...

## #.### ........
#.##.#.# #.##.#.#
#.##.#.## #
#.##.#..# .#
#..###o##.#..##.#
#.....lS@.......#
...###.###.#.##.#
#.# #.#†# .# #.#
#>#.# .#
#.###.#.##.####
.#........>....#
............#......
..#.#####.#.# #.###
#.# #.#.# .#


You could see an adder, an orc and a frilled lizard.

Vanquished Creatures
  An adder (D:3)
  A bat (D:3)
2 creatures vanquished.

Notes
Turn   | Place    | Note
-------+----------+-------------------------------------------
     0 | D:5      | comborobin the Hill Orc Delver began the quest for the Orb.
     0 | D:5      | Reached XP level 1. HP: 19/19 MP: 1/1
     0 | D:5      | Noticed Menkaure
    42 | D:4      | Noticed a sleepcap
    48 | D:4      | Noticed a howler monkey
    52 | D:4      | Noticed a scorpion
   153 | D:4      | Noticed a scorpion
   170 | D:4      | Noticed a hound
   193 | D:3      | Reached XP level 2. HP: 11/26 MP: 2/2
   199 | D:3      | Slain by an adder

Illustrated notes

Levels and vault maps discovered:
D:3:      layout_loops_ring
D:4:      layout_layer_cave, gammafunk_ghost_nasty_kobolds,
          minmay_joined_circles, uniq_crazy_yiuf_cottage
D:5:      layout_loops_ring, uniq_menkaure, uniq_edmund, uniq_blork_the_orc

Skill      XL: |  1 |
---------------+----+-----
Axes           | 3 |  3.8
Fighting       | |  3.6
Dodging        | |  1.5
Stealth        | |  4.1

Action                     || total
---------------------------++-------
  Melee: Hand axe          ||    19
  Evoke: Wand              ||     2
    Use: Potion            ||     4
         Scroll            ||     1
 Armour: Leather armour    ||     5
  Dodge: Dodged            ||    16
